 Dungeon Crawl Stone Soup version 0.28.0-43-g3370ac3207 (webtiles) character file.

Game seed: 8505450884562471315

18 suse60 the Shield-Bearer (level 2, 0/19 HPs)
             Began as a Gargoyle Fighter on Mar 22, 2022.
             Slain by a kobold
             ... wielding a +3 short sword
              (5 damage)
             ... on level 1 of the Dungeon.
             The game lasted 00:02:25 (394 turns).

suse60 the Shield-Bearer (Gargoyle Fighter)          Turns: 394, Time: 00:02:26

Health: 0/19       AC:  9    Str: 19    XL:     2   Next: 70%
Magic:  2/2        EV:  9    Int:  8    God:
Gold:   87         SH:  4    Dex:  9    Spells: 1/1 levels left

rFire   . . .      SeeInvis .   a - +0 flail
rCold   . . .      Faith    .   c - +0 buckler
rNeg    + . .      Spirit   .   b - +0 scale mail
rPois   ∞          Reflect  .   (no helmet)
rElec   +          Harm     .   (no cloak)
rCorr   .          Rampage  .   (no gloves)
Will    .....                   (no boots)
Stlth   ..........              (no amulet)
HPRegen 0.06/turn               (no ring)
MPRegen 0.08/turn               (no ring)

@: no status effects
A: sickness immunity, AC +2, negative energy resistance 1, electricity
resistance, torment resistance 1, petrification resistance
a: no special abilities


You were on level 1 of the Dungeon.
You visited 1 branch of the dungeon, and saw 1 of its levels.

You collected 87 gold pieces.

Inventory:

Hand Weapons
 a - a +0 flail (weapon)
Armour
 b - a +0 scale mail (worn)
 c - a +0 buckler (worn)
Scrolls
 e - a scroll of blinking {unknown}
 f - a scroll of brand weapon {unknown}
Potions
 d - a potion of might
 g - a potion of mutation {unknown}


   Skills:
 + Level 3.5 Fighting
 + Level 2.3 Maces & Flails
 + Level 3.5 Armour
 + Level 3.5 Shields


You had one spell level left.
You didn't know any spells.
Your spell library was empty.

Dungeon Overview and Level Annotations

Branches:
Dungeon (1/15)

Altars:

Shops:
D:1 (


Innate Abilities, Weirdness & Mutations

You are immune to sickness and miasma.
Your stone body is resilient. (AC +2)
You are immune to poison.
You resist negative energy. (rN+)
You are resistant to electric shocks. (rElec)
You are resistant to unholy torment.
You are immune to petrification.


Message History

The bat is moderately wounded.
The bat closely misses you.
A kobold comes into view. It is wielding a +3 short sword.
You sock the bat!
You kill the bat!
A goblin comes into view. It is wielding a +0 club.
You barely miss the goblin. The goblin closely misses you.
A ball python comes into view.
The goblin hits you but does no damage.
You barely miss the goblin. The goblin closely misses you.
You barely miss the goblin. The goblin hits you with a +0 club.
You sock the goblin!
You kill the goblin!
You barely miss the kobold. You block the kobold's attack.
The kobold closely misses you.
You closely miss the kobold. The kobold hits you but does no damage.
You closely miss the kobold.
The kobold hits you with a +3 short sword.
The kobold barely misses you.
You closely miss the kobold. The kobold hits you but does no damage.
You barely miss the kobold. You block the kobold's attack.
You closely miss the kobold.
The kobold hits you with a +3 short sword.
You miss the kobold. The kobold hits you but does no damage.
The kobold closely misses you.
You barely miss the kobold.
The kobold hits you with a +3 short sword.
You hit the kobold but do no damage.
The kobold hits you with a +3 short sword.
You barely miss the kobold. You block the kobold's attack.
The kobold barely misses you.
You hit the kobold but do no damage. The kobold barely misses you.
You hit the kobold.
The kobold is severely wounded.
The kobold hits you with a +3 short sword.
* * * LOW HITPOINT WARNING * * *
You miss the kobold.
The kobold is severely wounded.
The kobold hits you with a +3 short sword.
You die...

...# #..### ...g.
##... #####...
.......# #
#..S####..#
#..gK@....# ####
#..#####..# .
.....##..# #..#
..........># #.>#
#......##..# #..#
...........# #..#
#.....###.## #..#
#.....###.######..#
#....†..........#


You could see a goblin, a ball python and a kobold.

Vanquished Creatures
  A dart slug (D:1)
  2 ball pythons (D:1)
  2 bats (D:1)
  2 giant cockroaches (D:1)
  3 goblins (D:1)
  2 jackals (D:1)
  2 frilled lizards (D:1)
  A kobold (D:1)
15 creatures vanquished.

Notes
Turn   | Place    | Note
-------+----------+-------------------------------------------
     0 | D:1      | suse60 the Gargoyle Fighter began the quest for the Orb.
     0 | D:1      | Reached XP level 1. HP: 14/14 MP: 1/1
   181 | D:1      | Reached XP level 2. HP: 19/19 MP: 2/2
   186 | D:1      | Found Guniecw's Weapon Shop.
   394 | D:1      | Slain by a kobold

Illustrated notes

Levels and vault maps discovered:
D:1:      lightli_arrival_quake, layout_loops_ring, serial_shops, shop_coins

Action                   || total
-------------------------++-------
Melee: Flail             ||    64
Armor: Scale mail        ||    22
Dodge: Dodged            ||    40
Block: Buckler           ||     6
